 Dungeon Crawl Stone Soup version 0.30-a0-989-g0d87f670db (webtiles) character file.

Game seed: 4956466194043511954

427 retardedninja the Chopper (level 6, -5/57 HPs)
             Began as a Naga Fighter on Apr 3, 2023.
             Slain by Eustachio
             ... wielding a +2 rapier of freezing
              (7 damage)
             ... on level 5 of the Dungeon.
             The game lasted 00:05:07 (3823 turns).

retardedninja the Chopper (Naga Fighter)            Turns: 3823, Time: 00:05:08

Health: -5/57      AC:  9    Str: 21    XL:     6   Next: 97%
Magic:  0/6        EV: 10    Int:  8    God:
Gold:   215        SH:  4    Dex: 10    Spells: 5/5 levels left

rFire   . . .      SeeInvis +    a - +0 war axe
rCold   . . .      Faith    .    c - +0 buckler
rNeg    . . .      Spirit   +    n - +0 chain mail
rPois   +          Reflect  .    (no helmet)
rElec   .          Rampage  .    b - +0 cloak
rCorr   .                        s - +0 pair of gloves
Will    .....                    (no barding) Stlth
                                 m - amulet of guardian spirit
HPRegen 0.29/turn                o - +5 ring of evasion
MPRegen 0.10/turn                (no ring)

@: hasted, quick
A: AC +2, large, see invisible, deformed body, poison resistance, slowness 2,
spit poison 1, naga tail 1
a: Spit Poison


You were on level 5 of the Dungeon.
You visited 1 branch of the dungeon, and saw 5 of its levels.

You collected 215 gold pieces.

Inventory:

Hand Weapons
 a - a +0 war axe (weapon)
Missiles
 t - 2 throwing nets
Armour
 b - a +0 cloak (worn)
 c - a +0 buckler (worn)
 n - a +0 chain mail (worn)
 s - a +0 pair of gloves (worn)
Jewellery
 m - an amulet of guardian spirit (around neck)
 o - a +5 ring of evasion (left hand)
 y - a +6 ring of dexterity
Scrolls
 d - a scroll of fog {unknown}
 f - 2 scrolls of teleportation
 i - a scroll of silence {unknown}
 j - a scroll of amnesia {unknown}
 k - a scroll of enchant armour {unknown}
 p - a scroll of immolation
 r - a scroll of butterflies {unknown}
 x - a scroll of fear {unknown}
Potions
 h - 2 potions of flight
 l - 3 potions of brilliance
 q - a potion of mutation {unknown}
 u - a potion of degeneration {unknown}
 v - a potion of cancellation {unknown}
 w - 2 potions of ambrosia {unknown}


   Skills:
 + Level 4.3 Fighting
 * Level 4.7 Axes
 + Level 3.5 Armour
 + Level 3.9 Shields


You had 5 spell levels left.
You didn't know any spells.
Your spell library contained the following spells:

 Spells                   Type           Power      Damage    Failure   Level
 Apportation              Tloc           0%         N/A       99%         1
 Magic Dart               Conj           0%         1d3       99%         1
 Necrotise                Necr           0%         1d4       99%         1
 Sandblast                Erth           0%         2d4       99%         1
 Summon Small Mammal      Summ           0%         N/A       99%         1
 Searing Ray              Conj           0%         2d4       100%        2
 Call Canine Familiar     Summ           0%         N/A       100%        3
 Portal Projectile        Hex/Tloc       0%         N/A       100%        3
 Summon Guardian Golem    Hex/Summ       0%         N/A       100%        3
 Tukima's Dance           Hex            0%         N/A       100%        3
 Fulminant Prism          Conj/Hex       0%         3d5       100%        4
 Blade Hands              Tmut           0%         N/A       100%        5
 Monstrous Menagerie      Summ           0%         N/A       100%        7


Dungeon Overview and Level Annotations

Branches:
Dungeon (5/15)
 Temple: D:4-7

Altars:
Ashenzari
Cheibriados
Elyvilon
Gozag
Kikubaaqudgha
Qazlal
Sif Muna
Xom
The Shining One

Shops:
D:4 *

Annotations:
D:5 Eustachio


Innate Abilities, Weirdness & Mutations

Your serpentine skin is tough. (AC +2)
You have supernaturally acute eyesight. (SInv)
Armour fits poorly on your strangely shaped body.
Your system is resistant to poisons. (rPois)
You cover ground very slowly.
You can spit poison.
You have a snake-like lower body.


Message History

The crimson imp attacks as you move away!
The crimson imp barely misses you.
Eustachio gestures wildly while chanting.
Eustachio blinks!
The crimson imp blinks!
Eustachio mumbles some strange words.
Eustachio hits you with a +2 rapier of freezing!
Eustachio freezes you.
* * * LOW HITPOINT WARNING * * *
The river rat misses you. x2
You feel yourself speed up.
Eustachio hits you with a +2 rapier of freezing!
* * * LOW HITPOINT WARNING * * *
Eustachio freezes you.
* * * LOW HITPOINT WARNING * * *
The river rat bites you.
* * * LOW HITPOINT WARNING * * *
The river rat completely misses you. The crimson imp closely misses you.
Unknown command.
You feel better. You block Eustachio's attack. The river rat bites you.
* * * LOW HITPOINT WARNING * * *
The river rat bites you.
* * * LOW HITPOINT WARNING * * *
You feel better. The crimson imp closely misses you.
You slash Eustachio!
Eustachio is severely wounded.
You miss the crimson imp. You hit the river rat. x2
Eustachio hits you with a +2 rapier of freezing.
* * * LOW HITPOINT WARNING * * *
Eustachio freezes you.
* * * LOW HITPOINT WARNING * * *
The river rat bites you.
* * * LOW HITPOINT WARNING * * *
The river rat bites you.
* * * LOW HITPOINT WARNING * * *
The crimson imp blinks!
You hit Eustachio.
Eustachio is severely wounded.
You closely miss the river rat. You slash the river rat!
Eustachio hits you with a +2 rapier of freezing!
You die...

#.# # #.# .# #.# #.# #.#
##+## ..# #.# ##...## .
#.### ##.....## ####
#.#.## ##.......##
...####....####@@r..5...#
.....)........'§r.......+
#..#####...####.........#
#..# #..## ##.......##
#..# #.## ##.....## #..#
#.# ##...## ...# #..
##+## #.## ### ..#


You could see Eustachio (strong), a crimson imp (summoned) and 2 river rats.

Vanquished Creatures
  Menkaure (D:4)
  An ogre (D:3)
  An orc wizard (D:3)
  An iguana (D:4)
  6 gnolls
  5 adders
  2 worms
  7 orcs
  3 endoplasms
  6 goblins
  7 hobgoblins
  8 jackals
  2 quokkas
  4 ball pythons
  5 bats
  2 frilled lizards (D:1)
  7 kobolds
  2 rats
70 creatures vanquished.

Notes
Turn   | Place    | Note
-------+----------+-------------------------------------------
     0 | D:1      | retardedninja the Naga Fighter began the quest for the Orb.
     0 | D:1      | Reached XP level 1. HP: 21/21 MP: 1/1
   383 | D:1      | Reached XP level 2. HP: 28/28 MP: 2/2
   684 | D:2      | Reached XP level 3. HP: 30/34 MP: 3/3
   984 | D:2      | Found a white marble altar of Elyvilon.
  1649 | D:3      | Reached XP level 4. HP: 40/42 MP: 4/4
  1830 | D:3      | Got the Excursus on the Valley and Production
  1859 | D:3      | Reached XP level 5. HP: 16/49 MP: 1/5
  2099 | D:3      | Noticed an ogre
  2110 | D:3      | Killed an ogre
  2716 | D:3      | Reached XP level 6. HP: 57/57 MP: 6/6
  3090 | D:4      | Found Cowk's Assorted Antiques.
  3435 | D:4      | Noticed Menkaure
  3445 | D:4      | Killed Menkaure
  3446 | D:4      | Found an ancient bone altar of Kikubaaqudgha.
  3447 | D:4      | Found a snail-covered altar of Cheibriados.
  3447 | D:4      | Found a stormy altar of Qazlal.
  3599 | D:4      | Found a broken altar of Ashenzari.
  3700 | D:4      | Found a glowing golden altar of the Shining One.
  3701 | D:4      | Found a shimmering altar of Xom.
  3702 | D:4      | Found a shimmering blue altar of Sif Muna.
  3703 | D:4      | Found an opulent altar of Gozag.
  3767 | D:5      | Entered Level 5 of the Dungeon
  3805 | D:5      | Noticed Eustachio
  3819 | D:5      | HP: 2/57 [river rat[Eustachio] (1)]
  3823 | D:5      | Slain by Eustachio

Illustrated notes

Levels and vault maps discovered:
D:1:      nagdon_arrival_double_spiral, layout_basic
D:2:      layout_basic, basic_altar, hex_medium
D:3:      layout_rooms, hangedman_decor_growths, kennysheep_minor_cross
D:4:      layout_loops_cross, minitemple, serial_shops, nicolae_shop_stone,
          uniq_menkaure
D:5:      layout_loops_corners, serial_shops,
          nicolae_shop_competitors_out_of_business,
          eino_small_chamber_without_monster, uniq_eustachio

Skill      XL: |  1  2  3  4  5  6 |
---------------+-------------------+-----
Shields        | 3 |  3.9
Axes           | 3 4 |  4.7
Armour         | 3 |  3.5
Fighting       | 4 |  4.3

Action                     |  1- 3 |  4- 6 || total
---------------------------+-------+-------++-------
  Melee: War axe           |   109 |    79 ||   188
    Use: Potion            |       |    10 ||    10
         Scroll            |       |     6 ||     6
 Armour: Scale mail        |    40 |       ||    40
         Chain mail        |     7 |    27 ||    34
  Dodge: Dodged            |    45 |    32 ||    77
  Block: Buckler           |    28 |    23 ||    51

Table legend: (Time is in decaauts)
 A = Elapsed time spent in this place.
 B = Non-inter-level travel time spent in this place.
 C = Inter-level travel time spent in this place.
 D = Time resting spent in this place.
 E = Time spent auto-exploring this place.
 F = Levels seen in this place.
 G = Mean time per level.
                   A        B        C        D        E       F      G
               +--------+--------+--------+--------+--------+-----+--------+
         Total |   4726 |   4587 |    139 |   1160 |   2825 |   5 |  945.2 |
       Dungeon |   4726 |   4587 |    139 |   1160 |   2825 |   5 |  945.2 |
               +--------+--------+--------+--------+--------+-----+--------+

Top non-repeatable levels by time:
     D:3: 1434 daAuts
     D:4: 1209 daAuts
     D:2: 1162 daAuts
     D:1: 846 daAuts
     D:5: 73 daAuts
